 Dungeon Crawl Stone Soup version 0.18.1-6-gd335043 (webtiles) character file.

554 Chiseanne the Nimble (level 7, -4/33 HPs)
             Began as a Spriggan Hunter on May 20, 2016.
             Was an Initiate of Gozag.
             Slain by a killer bee (5 damage)
             ... on level 5 of the Dungeon.
             The game lasted 00:06:35 (2282 turns).

Chiseanne the Nimble (Spriggan Hunter)              Turns: 2282, Time: 00:06:36

Health: -4/33      AC:  3    Str:  8    XL:     7   Next: 8%
Magic:  8/8        EV: 24    Int: 13    God:    Gozag
Gold:   231        SH:  0    Dex: 18    Spells: 0 memorised, 6 levels left

rFire  . . .     SeeInvis +     w - +1 hand crossbow
rCold  . . .     Gourm    .     c - +1 robe
rNeg   . . .     Faith    .     (shield restricted)
rPois  .         Spirit   .     (helmet restricted)
rElec  .         Dismiss  .     (no cloak)
rCorr  .         Reflect  .     (gloves unavailable)
SustAt .         Harm     .     (boots unavailable)
MR     +....                    (no amulet)
Stlth  ++........               (no ring)
                                (no ring)

@: lethally poisoned (-4 -> -11), very quick, somewhat resistant to hostile
enchantments, unstealthy
A: unfitting armour, see invisible, herbivore 3, speed 3, slow metabolism 2
a: Potion Petition, Call Merchant, Bribe Branch, Renounce Religion


You were on level 5 of the Dungeon.
You worshipped Gozag.
Gozag was noncommittal.
You were not hungry.

You visited 2 branches of the dungeon, and saw 7 of its levels.

You collected 345 gold pieces.
You paid 114 gold pieces to Gozag.

Inventory:

Hand Weapons
 a - a +0 short sword
 m - a +0 trident of pain
 w - a +1 hand crossbow (weapon)
Missiles
 d - 48 bolts (quivered)
 e - 57 sling bullets
 g - 125 stones
 h - 25 arrows
Armour
 c - a +1 robe (worn)
Scrolls
 b - a scroll of enchant weapon {unknown}
 i - 5 scrolls of identify
Comestibles
 f - a bread ration


   Skills:
 - Level 1.5 Fighting
 * Level 6.5 Crossbows
 * Level 8.4 Dodging
 - Level 1.5 Stealth


You had 6 spell levels left.
You didn't know any spells.

Dungeon Overview and Level Annotations

Branches:
Dungeon (6/15)             Temple (1/1) D:4

Altars:
Ashenzari
Cheibriados
Dithmenos
Fedhas
Gozag
Makhleb
Nemelex Xobeh
Okawaru
Pakellas
Qazlal
Ru
Sif Muna
Trog
Zin
The Shining One

Annotations:
D:4 Robin


Innate Abilities, Weirdness & Mutations

You are tiny and cannot use many weapons and most armour.
You have supernaturally acute eyesight.
You are a herbivore.
You cover ground extremely quickly.
You need consume almost no food.


Message History

* * * LOW HITPOINT WARNING * * *
The killer bee stings you.
* * * LOW HITPOINT WARNING * * *
Drink which item? (? for menu, Esc to quit)
It was a potion of cancellation.
Your magical effects are unravelling.
You feel magically purged.
* * * LOW HITPOINT WARNING * * *
You feel sick.
The killer bee stings you but does no damage. x2
Firing (i - inventory. (,) - cycle):
d - 49 bolts (quivered)
Press: ? - help, Shift-Dir - straight line, f/p - killer bee
Aim: a killer bee You shoot a bolt.
The bolt hits the killer bee.
The killer bee is moderately wounded.
You feel less woody.
Your +1 robe unmelds from your body.
The killer bee misses you. The killer bee stings you.
You die...
Your body crumbles into a pile of gold.

#####.###..###.........##.#
#####
#..........###.#.####..##.#
#.###.###........####.[##.####
..# #.# ###..................#
### #.# #.##.###.###.......#
#.# #.##.##...##.......### #.#
#.##(##.#............# #.#
#....y.....#.......#)## #.#
###...@................ ####.#
#.#.##.###.......#..# #....#
#.#.##.# ####.#####.# #.####
#.#.##.#### #.#...... #.#
#.#..#....# #.#.###.. #.#
#.##.####.# #.....#.. #.#
#.##.# #.# ###.#.#.. #.#
#.##.# #.# #.#.#.. #.## #.##.#
#.#####.#.#..


You could see a killer bee.

Vanquished Creatures
  An ice beast (D:5)
  A phantom (D:5)
  An ogre (D:4)
  A crimson imp (D:5)
  A hound (D:4)
  2 orc wizards (D:5)
  A giant frog skeleton (D:5)
  4 worker ants
  2 adders
  An ooze (D:1)
  A dart slug (D:5)
  3 giant geckos
  5 orcs
  3 giant cockroaches
  2 hobgoblins
  4 quokkas
  A goblin (D:3)
  A kobold (D:1)
  A quokka skeleton (D:5)
36 creatures vanquished.

Notes
Turn   | Place    | Note
--------------------------------------------------------------
     0 | D:1      | Chiseanne the Spriggan Hunter began the quest for the Orb.
     0 | D:1      | Reached XP level 1. HP: 10/10 MP: 2/2
   169 | D:1      | Reached XP level 2. HP: 14/14 MP: 3/3
   381 | D:3      | Reached skill level 4 in Dodging
   509 | D:4      | Reached XP level 3. HP: 13/18 MP: 4/4
   588 | D:4      | Noticed an ogre
   606 | D:4      | Killed an ogre
   606 | D:4      | Reached skill level 5 in Crossbows
   606 | D:4      | Reached skill level 5 in Dodging
   606 | D:4      | Reached XP level 4. HP: 22/22 MP: 5/5
   606 | D:4      | Reached XP level 5. HP: 25/25 MP: 6/6
   644 | D:4      | Reached skill level 6 in Dodging
   810 | D:4      | Noticed Robin
   884 | D:4      | Found a sacrificial altar of Ru.
   982 | D:4      | Found a staircase to the Ecumenical Temple.
  1105 | Temple   | Entered the Ecumenical Temple
  1134 | Temple   | Became a worshipper of Gozag Ym Sagoz the Greedy
  1235 | D:5      | Entered Level 5 of the Dungeon
  1279 | D:5      | Noticed an ice beast
  1298 | D:5      | Killed an ice beast
  1298 | D:5      | Reached skill level 7 in Dodging
  1298 | D:5      | Reached XP level 6. HP: 30/30 MP: 7/7
  1785 | D:5      | Found an iron altar of Okawaru.
  1786 | D:5      | Found a blossoming altar of Fedhas.
  1786 | D:5      | Found a sparkling altar of Nemelex Xobeh.
  1786 | D:5      | Found a glowing golden altar of the Shining One.
  1802 | D:5      | Reached skill level 8 in Dodging
  1802 | D:5      | Reached XP level 7. HP: 32/33 MP: 8/8
  1803 | D:5      | Found a deep blue altar of Sif Muna.
  1803 | D:5      | Found a shadowy altar of Dithmenos.
  2280 | D:5      | HP: 1/49 [killer bee (4)]
  2282 | D:5      | Slain by a killer bee

Skill      XL: |  1  2  3  4  5  6 |
---------------+-------------------+-----
Dodging        | 4 5 7 8 |  8.4
Crossbows      | 5 6 |  6.5
Fighting       | |  1.5
Stealth        | |  1.5

Action                   |  1- 3 |  4- 6 |  7- 9 || total
-------------------------+-------+-------+-------++-------
Melee: Short sword       |       |    14 |       ||    14
 Fire: Hand crossbow     |    37 |    88 |    16 ||   141
  Use: Scroll            |     1 |     3 |       ||     4
       Potion            |       |     2 |     2 ||     4
Armor: Robe              |     1 |     2 |     1 ||     4
       Skin              |       |       |    12 ||    12
Dodge: Dodged            |    21 |    36 |     7 ||    64
